 Dungeon Crawl Stone Soup version 0.16-a0-60-g704e011 (webtiles) character file.

101 MstrPBK the Bolt Thrower (level 5, 0/37 HPs)
             Began as a Formicid Hunter on Aug 7, 2014.
             Was an Initiate of Dithmenos.
             Slain by Terence
             ... wielding a +3 mace of protection
              (6 damage)
             ... on Level 3 of the Dungeon.
             The game lasted 00:37:14 (1719 turns).

MstrPBK the Bolt Thrower (Formicid Hunter)          Turns: 1719, Time: 00:37:14

HP   0/37        AC  6     Str 17      XL: 5   Next:  4%
MP   7/7         EV  8     Int 11      God: Dithmenos [......]
Gold 114         SH  0     Dex 11      Spells:  0 memorised,  4 levels left

rFire  . . .     SeeInvis +     b - +1 hand crossbow
rCold  . . .     Clarity  .     g - +0 scale mail
rNeg   . . .     rCorr    .     (no shield)
rPois  .         rRot     .     (helmet unavailable)
rElec  .         Spirit   .     (no cloak)
SustAb .         Warding  .     (no gloves)
rMut   .         Stasis   +     (no boots)
Gourm  .                        (no amulet)
MR     .....                    (no ring)
                                (no ring)

@: not resistant to hostile enchantments, extremely unstealthy
A: permanent stasis, dig shafts and tunnels, four strong arms, antennae 3
a: Dig, Shaft Self, Renounce Religion


You were on level 3 of the Dungeon.
You worshipped Dithmenos.
Dithmenos was noncommittal.
You were not hungry.

You visited 1 branch of the dungeon, and saw 3 of its levels.

You collected 114 gold pieces.

Inventory:

Hand weapons
 a - a +0 short sword
 b - a +1 hand crossbow (weapon)
Missiles
 c - 8 bolts (quivered)
 o - 10 bolts of frost
Armour
 d - a +0 leather armour
 g - a +0 scale mail (worn)
Comestibles
 f - a bread ration
 l - 3 meat rations
Scrolls
 h - 2 scrolls of remove curse
 i - a scroll of identify
 m - a scroll of noise {unknown}
 q - a scroll of teleportation {unknown}
Potions
 k - a potion of invisibility {unknown}
 n - a potion of haste {unknown}
 p - a potion of might {unknown}


   Skills:
 + Level 1.3 Fighting
 + Level 5.4 Crossbows
 + Level 1.4 Armour
 + Level 2.1 Dodging
 + Level 1.5 Stealth


You had 4 spell levels left.
You didn't know any spells.

Dungeon Overview and Level Annotations

Branches:
Dungeon (3/15)

Altars:
Dithmenos

Annotations:
D:3 Terence


Innate Abilities, Weirdness & Mutations

Your are under a permanent stasis effect.
You can dig through walls and to a lower floor.
Your four strong arms can wield two-handed weapons with a shield.
You have a pair of large antennae on your head (SInv).


Message History

Aim: Terence, wielding a runed mace and wearing a chain mail (purple smoke, almost dead)
You shoot a bolt.
The bolt hits Terence but does no damage.
Terence is almost dead.
Terence hits you with a runed mace.
* * * LOW HITPOINT WARNING * * *
Firing (i - inventory. (,) - cycle):
c - 10 bolts (quivered)
Press: ? - help, Shift-Dir - straight line, f/p - Terence
Aim: Terence, wielding a runed mace and wearing a chain mail (almost dead)
You shoot a bolt.
The bolt hits Terence but does no damage.
Terence is almost dead.
Terence hits you but does no damage.
Firing (i - inventory. (,) - cycle):
c - 9 bolts (quivered)
Press: ? - help, Shift-Dir - straight line, f/p - Terence
Aim: Terence, wielding a runed mace and wearing a chain mail (almost dead)
You shoot a bolt. The bolt completely misses Terence.
Terence bares his teeth.
Terence hits you with a runed mace.
You die...

#################
........<......(#
..#######.#####@#
.# #@# .# #.# ..
..# .. ...#
.####..# .. ..>.
# #..# .... ..#


You could see Terence.

Vanquished Creatures
  3 adders (D:2)
  A giant mite (D:2)
  2 worms (D:2)
  2 giant geckos (D:1)
  An ooze (D:1)
  A ball python (D:1)
  5 bats (D:1)
  3 giant cockroaches (D:1)
  7 hobgoblins
  2 giant newts (D:1)
  8 goblins
  2 jackals (D:2)
  8 kobolds
  12 rats
57 creatures vanquished.

Notes
Turn   | Place    | Note
--------------------------------------------------------------
     0 | D:1      | MstrPBK, the Formicid Hunter, began the quest for the Orb.
     0 | D:1      | Reached XP level 1. HP: 15/15 MP: 1/1
    88 | D:1      | Reached XP level 2. HP: 16/21 MP: 3/3
   280 | D:1      | Reached XP level 3. HP: 24/26 MP: 4/4
   943 | D:2      | Reached skill level 1 in Armour
   943 | D:2      | Reached XP level 4. HP: 2/32 MP: 5/5
  1051 | D:2      | Reached skill level 5 in Crossbows
  1326 | D:2      | Found a shadowy altar of Dithmenos.
  1471 | D:2      | Reached XP level 5. HP: 33/37 MP: 7/7
  1482 | D:3      | Noticed Terence
  1625 | D:2      | Became a worshipper of Dithmenos the Shadowed
  1719 | D:3      | Slain by Terence

Action                   |  1- 3 |  4- 6 || total
-------------------------+-------+-------++-------
Melee: Hand crossbow     |     7 |     1 ||     8
 Fire: Hand crossbow     |    82 |    75 ||   157
  Use: Scroll            |     2 |     5 ||     7
       Potion            |       |     1 ||     1
  Eat: Bread ration      |       |     1 ||     1
